 Dungeon Crawl Stone Soup version 0.26-a0-524-g073066f (webtiles) character file.

Game seed: 9980496541867713609

44 DikBut the Ruffian (level 3, -1/33 HPs)
             Began as a Ghoul Monk on Aug 12, 2020.
             Slain by a gnoll
             ... wielding a +0 halberd
              (4 damage)
             ... on level 2 of the Dungeon.
             The game lasted 00:09:12 (1781 turns).

DikBut the Ruffian (Ghoul Monk)                     Turns: 1781, Time: 00:09:12

Health: -1/33      AC:  6    Str: 14    XL:     3   Next: 62%
Magic:  2/2        EV:  6    Int:  5    God:
Gold:   50         SH:  0    Dex: 12    Spells: 2/2 levels left

rFire    . . .     SeeInvis .     - Unarmed
rCold    + . .     Faith    .   (no shield)
rNeg     + + +     Spirit   .   f - +0 ring mail
rPois    ∞         Reflect  .   (no helmet)
rElec    .         Harm     .   (no cloak)
rCorr    .                      g - +0 pair of gloves
MR       .....                  (no boots)
Stlth    +.........             (no amulet)
HPRegen  0.00/turn              (no ring)
MPRegen  0.08/turn              (no ring)

@: held
A: rotting body, claws 1, cold resistance 1, negative energy resistance 3,
inhibited regeneration, torment resistance, unbreathing
a: no special abilities


You were on level 2 of the Dungeon.
You visited 1 branch of the dungeon, and saw 2 of its levels.

You collected 50 gold pieces.

Inventory:

Missiles
 b - 11 stones (quivered)
Armour
 a - a +0 robe
 e - a +0 leather armour
 f - a +0 ring mail (worn)
 g - a +0 pair of gloves (worn)
Jewellery
 c - an uncursed ring of attention
Wands
 k - a wand of enslavement (10)
Scrolls
 i - a scroll of remove curse
 j - a scroll of identify
Potions
 d - a potion of might
 h - 2 potions of degeneration {unknown}


   Skills:
 + Level 3.7 Fighting
 + Level 3.2 Dodging
 + Level 2.6 Stealth
 + Level 3.9 Unarmed Combat


You had 2 spell levels left.
You didn't know any spells.
Your spell library was empty.

Dungeon Overview and Level Annotations

Branches:
Dungeon (2/15)

Altars:


Innate Abilities, Weirdness & Mutations

Your body is rotting away.
You thrive by killing the living.
You are immune to poison.
You have sharp fingernails.
Your flesh is cold resistant. (rC+)
You are immune to negative energy. (rN+++)
You do not regenerate when monsters are visible.
You are immune to unholy pain and torment.
You can survive without breathing.


Message History

The gnoll closely misses you.
You closely miss the gnoll. The gnoll hits you with a +0 club!
* * * LOW HITPOINT WARNING * * *
You hit the gnoll.
The gnoll is lightly wounded.
The gnoll closely misses you.
You hit the gnoll.
The gnoll is moderately wounded.
The gnoll hits you with a +0 club.
* * * LOW HITPOINT WARNING * * *
The gnoll barely misses you.
You see here a worm corpse.
The gnoll shouts!
The gnoll throws a throwing net.
The throwing net closely misses you.
The gnoll throws a throwing net.
The throwing net hits you.
You become entangled in the net!
You see here a throwing net.
You struggle against the net.
The gnoll hits you from afar with a +0 halberd.
You die...

#.# #.#
#............#.. . #.#
#.###...#....### ..≈ .
#.###g..........## ≈.≈
.≈ #.....##.......##
#.###g##.....#.# #.#
#.##...###.#
#.###.##.g.###.#### #
#>....g.÷.).......##.#
########g.@..........#
###.###.#..#### #.#
#.#...# ... #.#.#.##
...(.....#†.#
.....##.####.#
.......... #.##
.....##. #..# . ##.##


You could see 3 gnolls.

Vanquished Creatures
  An adder zombie (D:2)
  2 worms (D:2)
  A dart slug (D:1)
  A leopard gecko (D:1)
  A giant cockroach (D:1)
  3 goblins (D:1)
  7 hobgoblins
  3 kobolds
  6 bats
  A frilled lizard (D:2)
  6 rats (D:1)
32 creatures vanquished.

Notes
Turn   | Place    | Note
-------+----------+-------------------------------------------
     0 | D:1      | DikBut the Ghoul Monk began the quest for the Orb.
     0 | D:1      | Reached XP level 1. HP: 19/19 MP: 0/0
   207 | D:1      | Reached XP level 2. HP: 26/26 MP: 1/1
   738 | D:1      | Reached XP level 3. HP: 22/31 MP: 2/2
  1781 | D:2      | Slain by a gnoll

Illustrated notes

Levels and vault maps discovered:
D:1:      shiori_shiawase, layout_loops_corners
D:2:      layout_basic, marbit_many_paths, chequers_serial_rivers_small_3,
          nicolae_dithmenos_shadow_blocks

Skill      XL: |  1  2 |
---------------+-------+-----
Dodging        | 3 |  3.2
Fighting       | |  3.7
Stealth        | |  2.6
Unarmed Combat | |  3.9

Action                   || total
-------------------------++-------
Melee: Unarmed           ||   135
       Punch             ||     2
  Use: Scroll            ||     3
 Stab: Sleeping          ||     1
Armor: Robe              ||    20
       Ring mail         ||     8
       Leather armour    ||     1
Dodge: Dodged            ||   107

Table legend: (Time is in decaauts)
 A = Elapsed time spent in this place.
 B = Non-inter-level travel time spent in this place.
 C = Inter-level travel time spent in this place.
 D = Time resting spent in this place.
 E = Time spent auto-exploring this place.
 F = Levels seen in this place.
 G = Mean time per level.
                   A        B        C        D        E       F      G
               +--------+--------+--------+--------+--------+-----+--------+
         Total |   1771 |   1752 |     19 |      0 |   1042 |   2 |  885.5 |
       Dungeon |   1771 |   1752 |     19 |      0 |   1042 |   2 |  885.5 |
               +--------+--------+--------+--------+--------+-----+--------+

Top non-repeatable levels by time:
     D:1: 1368 daAuts
     D:2: 403 daAuts
